 Dungeon Crawl Stone Soup version 0.31-a0-963-ga325b2283a (webtiles) character file.

Game seed: 15471944529476527387

1484 Arzdou the Grappler (level 8, -1/54 HPs)
             Began as a Demonspawn Shapeshifter on Oct 25, 2023.
             Slain by a water moccasin (4 damage)
             ... on level 5 of the Dungeon.
             The game lasted 00:07:35 (4802 turns).

Arzdou the Grappler (Demonspawn Shapeshifter)       Turns: 4802, Time: 00:07:37

Health: -1/54      AC:  8    Str: 16    XL:     8   Next: 50%
Magic:  8/8        EV:  3    Int: 11    God:
Gold:   305        SH:  0    Dex: 14    Spells: 7/7 levels left

rFire   . .          .
                       - Unarmed
rCold   + . .        j - +0 tower shield
rNeg    . . .        r - +0 chain mail
rPois   .            (helmet currently unavailable)
rElec   .            (cloak currently unavailable)
rCorr   .            (gloves currently unavailable)
SInv    .            (boots currently unavailable)
Will    .....        o - amulet of reflection Stlth
                     m - ring of protection from cold
HPRegen 0.29/turn    (no ring)
MPRegen 0.11/turn

%: reflection
@: confused, lethally poisoned (-1 -> -30), beast-form, ambrosia-drunk
A: beast (slay +1), horns 2, large bone plates 1, ignite blood 2
a: Begin Untransformation


You were on level 5 of the Dungeon.
You were a hulking beast.
You visited 1 branch of the dungeon, and saw 6 of its levels.

You collected 305 gold pieces.

Inventory:

Armour
 a - a +0 animal skin
 j - a +0 tower shield (worn)
 r - a +0 chain mail (worn)
 u - a +0 helmet
Jewellery
 m - a ring of protection from cold (left hand)
 o - an amulet of reflection (around neck)
 C - a +6 ring of strength
Talismans
 c - a beast talisman
 d - a flux talisman
Wands
 w - a wand of quicksilver (12)
 D - a wand of flame (9)
Scrolls
 f - 2 scrolls of fear
 i - a scroll of revelation
 k - 3 scrolls of noise
 p - a scroll of teleportation
 x - a scroll of amnesia
Potions
 b - a potion of lignification
 e - 3 potions of ambrosia
 g - 3 potions of brilliance {unknown}
 h - 3 potions of might {unknown}
 n - a potion of heal wounds {unknown}
 s - a potion of enlightenment {unknown}
 t - a potion of invisibility {unknown}
 v - a potion of haste {unknown}
 z - a potion of curing {unknown}
 A - a potion of attraction {unknown}
 B - a potion of degeneration {unknown}


   Skills:
 - Level 1.0 Fighting
 - Level 1.8 Dodging
 - Level 10.0 Unarmed Combat
 + Level 3.2 Shapeshifting


You had 7 spell levels left.
You didn't know any spells.
Your spell library contained the following spells:

 Spells                   Type           Power      Damage    Failure   Level
 Sandblast                Erth           0%         2d4       100%        1
 Passwall                 Tmut/Erth      0%         N/A       100%        2
 Stone Arrow              Conj/Erth      0%         3d7       100%        3
 Animate Armour           Summ/Erth      0%         N/A       100%        4
 Brom's Barrelling Bould  Conj/Erth      0%         2d3       100%        4
 Lehudib's Crystal Spear  Conj/Erth      0%         10d2      100%        8


Dungeon Overview and Level Annotations

Branches:
Dungeon (6/15)
 Temple: D:4-7

Altars:
Fedhas
Sif Muna


Innate Abilities, Weirdness & Mutations

You are a hulking beast.
Your limbs bulge with bestial killing power. (Slay +1)
You have a pair of horns on your head.
You are partially covered in large bone plates. (SH +4)
Your demonic aura often causes spilled blood to erupt in flames.


Message History

The water moccasin poisons you! You block the bullfrog's attack.
Unknown command.
Unknown command.
You closely miss the bullfrog. Your headbutt misses the bullfrog.
The bullfrog is severely wounded.
You feel very sick. You block the water moccasin's attack.
You block the bullfrog's attack. You block the water moccasin's attack.
The bullfrog hits you.
You punch the bullfrog!
You kill the bullfrog!
You feel very sick.
You block the water moccasin's attack. x2
Your Shapeshifting skill increases to level 3!
You feel very sick.
A centaur comes into view.
The centaur wields a +0 shortbow.
The centaur shoots an arrow.
You block the arrow with an invisible shield... and reflect it back!
The arrow hits the centaur.
There is a stone staircase leading up, spattered with blood here.
You see here a bullfrog corpse.
You feel sick. The water moccasin bites you.
You climb upwards.
You feel very sick.
There is a stone staircase leading down here.
You completely miss the water moccasin.
You feel sick. The water moccasin bites you.
* * * LOW HITPOINT WARNING * * *
You are lethally poisoned!
The water moccasin poisons you! The water moccasin bites you.
* * * LOW HITPOINT WARNING * * *
You are more poisoned.
The water moccasin poisons you!
It was a potion of ambrosia.
You are confused.
You feel invigorated.
* * * LOW HITPOINT WARNING * * *
You feel extremely sick.
The water moccasin bites you but does no damage.
The water moccasin bites you.
You die...

#.............#.).##...##...#
##.
#...............8....8.>#..##
#..
##......>.....#...##...##..#
#..
#............##.#######..##
##.. #............##.##
#...###... #............#...#
###..##... ##...........#.8.#
##...... #...........#..S#
##..... ##..........##h##
##.... ##..........#### #....
#.............# #....
#.............# #....
####..##.........## #.##.
##..#..##..........# ####.
.......#...#......## ##
#....###.########## # #....#
###


You could see a water moccasin.

Vanquished Creatures
  A wyvern (D:5)
  Edmund (D:5)
  2 black bears
  2 ice beasts (D:5)
  2 ogres (D:5)
  A bullfrog (D:6)
  2 scorpions
  A howler monkey (D:6)
  A jelly (D:4)
  A hound (D:5)
  Jessica (D:3)
  Ijyb (D:3)
  Terence (D:3)
  2 iguanas (D:5)
  10 gnolls
  5 adders
  4 worms
  A dart slug (D:2)
  8 orcs
  9 ball pythons
  17 endoplasms
  6 giant cockroaches
  4 goblins
  3 hobgoblins
  12 jackals
  8 kobolds
  4 quokkas
  2 bats (D:1)
  2 frilled lizards
  4 rats
118 creatures vanquished.

Vanquished Creatures (others)
  An endoplasm (D:3)
1 creature vanquished.

Grand Total: 119 creatures vanquished

Notes
Turn   | Place    | Note
-------+----------+-------------------------------------------
     0 | D:1      | Arzdou the Demonspawn Shapeshifter began the quest for the
                  | Orb.
     0 | D:1      | Reached XP level 1. HP: 15/15 MP: 1/1
   313 | D:1      | Reached skill level 3 in Unarmed Combat
   562 | D:1      | Gained mutation: You have a pair of small horns on your
                  | head. [demonic ancestry]
   562 | D:1      | Reached XP level 2. HP: 18/21 MP: 2/2
   927 | D:2      | Found a faded altar of an unknown god.
  1028 | D:2      | Gained mutation: You are partially covered in large bone
                  | plates. (SH +4) [demonic ancestry]
  1028 | D:2      | Reached XP level 3. HP: 26/26 MP: 3/3
  1109 | D:2      | Reached skill level 4 in Unarmed Combat
  1116 | D:2      | Gained mutation: Your demonic aura sometimes causes spilled
                  | blood to erupt in flames. [demonic ancestry]
  1116 | D:2      | Reached XP level 4. HP: 25/32 MP: 4/4
  1347 | D:3      | Noticed Jessica
  1560 | D:3      | Reached skill level 5 in Unarmed Combat
  1631 | D:3      | Killed Jessica
  1632 | D:3      | Reached XP level 5. HP: 14/37 MP: 5/5
  1796 | D:3      | Noticed Ijyb
  1807 | D:3      | Killed Ijyb
  1980 | D:3      | Noticed Terence
  1988 | D:3      | Killed Terence
  2002 | D:3      | Reached skill level 6 in Unarmed Combat
  2314 | D:4      | Found a blossoming altar of Fedhas.
  2358 | D:4      | Noticed a black bear
  2363 | D:4      | Killed a black bear
  2364 | D:4      | Gained mutation: You have a pair of horns on your head.
                  | [demonic ancestry]
  2364 | D:4      | Reached XP level 6. HP: 39/43 MP: 6/6
  2709 | D:4      | Reached skill level 7 in Unarmed Combat
  2931 | D:5      | Entered Level 5 of the Dungeon
  2936 | D:5      | Noticed an ice beast
  2956 | D:5      | Killed an ice beast
  2957 | D:5      | Reached XP level 7. HP: 31/48 MP: 7/7
  3261 | D:5      | Reached skill level 8 in Unarmed Combat
  3359 | D:5      | Noticed a wyvern
  3369 | D:5      | Killed a wyvern
  3484 | D:5      | Noticed Edmund
  3493 | D:5      | Killed Edmund
  3494 | D:5      | Reached skill level 9 in Unarmed Combat
  3494 | D:5      | Gained mutation: Your demonic aura often causes spilled
                  | blood to erupt in flames. [demonic ancestry]
  3494 | D:5      | Reached XP level 8. HP: 31/54 MP: 8/8
  4444 | D:5      | Found a shimmering blue altar of Sif Muna.
  4790 | D:6      | Reached skill level 10 in Unarmed Combat
  4802 | D:5      | Slain by a water moccasin

Illustrated notes

Levels and vault maps discovered:
D:1:      psy_arrival_basics, layout_basic, lemuel_flame_loot_1
D:2:      layout_rooms, shapermc_ecumenical_altar_ellora, grunt_ministairs_13,
          hangedman_decor_lopped
D:3:      layout_basic, serial_bayou_pond_c, nicolae_underground_beach,
          uniq_jessica, uniq_terence, uniq_ijyb
D:4:      cheibrodos_fertilizer, layout_basic, overflow_temple_1_default,
          kennysheep_generic_room_14
D:5:      layout_cave_pods, nicolae_sif_muna_condensation, grunt_ministairs_5,
          uniq_edmund
D:6:      layout_layer_cave, temple_fountains

Skill      XL: |  1  2  3  4  5  6  7  8 |
---------------+-------------------------+-----
Unarmed Combat | 3 4 5 6 7 9 10 | 10.0
Shapeshifting  | 3 |  3.2
Fighting       | |  1.0
Dodging        | |  1.8

Action                     |  1- 3 |  4- 6 |  7- 9 || total
---------------------------+-------+-------+-------++-------
  Melee: Unarmed           |    81 |   165 |    89 ||   335
         Headbutt          |    12 |    30 |    16 ||    58
    Use: Scroll            |       |     3 |     5 ||     8
         Potion            |       |       |     1 ||     1
 Armour: Animal skin       |    47 |     1 |       ||    48
         Chain mail        |       |    64 |    52 ||   116
  Dodge: Dodged            |    25 |    11 |     5 ||    41
  Block: Tower shield      |    50 |   162 |    79 ||   291
         Reflection        |       |     3 |     1 ||     4

Table legend: (Time is in decaauts)
 A = Elapsed time spent in this place.
 B = Non-inter-level travel time spent in this place.
 C = Inter-level travel time spent in this place.
 D = Time resting spent in this place.
 E = Time spent auto-exploring this place.
 F = Levels seen in this place.
 G = Mean time per level.
                   A        B        C        D        E       F      G
               +--------+--------+--------+--------+--------+-----+--------+
         Total |   4914 |   4733 |    181 |    356 |   3370 |   6 |  819.0 |
       Dungeon |   4914 |   4733 |    181 |    356 |   3370 |   6 |  819.0 |
               +--------+--------+--------+--------+--------+-----+--------+

Top non-repeatable levels by time:
     D:4: 1372 daAuts
     D:5: 1112 daAuts
     D:3: 1015 daAuts
     D:1: 894 daAuts
     D:2: 497 daAuts
     D:6: 21 daAuts
